AoeStats
← 台北順起來

Arena

510770486Analyzed
3v3 RM · 1d ago on Oct 2, 2026· 27m 38s· 6 players
Game mode
Random Map
Map size
Normal (6 player)
Population
200
Speed
Normal
Resources
Standard
Victory
Conquest
Starting age
Dark Age
Ending age
Imperial Age
RankedLock teamsTeams togetherTeam positionsShared explorationLock speedFull tech treeHidden civsTurbo modeCheats
Victory
Defeat
🇹🇼 Persians · Taiwan
1055
+15
🇹🇼 Danes · Taiwan
1048
+15
🇹🇼 Varangians · Taiwan
1015
+16
🇦🇹 Danes · Austria
1054
-16
🇹🇷 Turks · Türkiye
1032
-16
🇩🇪 Teutons · Germany
993
-14
Fenrir
2:16 Loom
11:00 Feudal Age
13:16 Wheelbarrow
12:26 Horse Collar
15:21 Forging
16:20 Stone Mining
16:50 Bloodlines
26:09 Castle Age
King Brenning I
10:51 Feudal Age
12:29 Double-Bit Axe
15:03 Castle Age
14:12 Horse Collar
21:33 Stone Mining
22:04 Bow Saw
25:21 Wheelbarrow
25:10 Heavy Plow
28:33 Imperial Age
26:21 Hand Cart
26:03 Gold Mining
26:49 Stone Shaft Mining
26:14 Fletching
27:39 Ballistics
27:26 Scale Mail Armor
27:37 Forging
newworldorder
10:57 Feudal Age
11:59 Man-at-Arms
12:29 Loom
18:08 Castle Age
20:04 Double-Bit Axe
20:06 Horse Collar
25:35 Heavy Plow
台北順起來
7:27 Loom
9:54 Feudal Age
10:22 Double-Bit Axe
12:11 Man-at-Arms
13:06 Arson
14:14 Horse Collar
19:32 Fletching
26:24 Castle Age
24:18 Gold Mining
24:23 Stone Mining
27:57 Bow Saw
28:25 Wheelbarrow
27:52 Heavy Plow
Player Disconnected.
0:32 Loom
9:55 Feudal Age
14:42 Castle Age
14:26 Double-Bit Axe
14:30 Horse Collar
16:36 Arson
27:30 Gold Mining
sky2551230
8:20 Loom
10:05 Feudal Age
15:32 Castle Age
13:57 Double-Bit Axe
13:58 Horse Collar
15:03 Gold Mining
21:54 Scale Barding Armor
22:00 Forging
23:05 Chain Barding Armor
23:41 Husbandry
24:44 Bloodlines
25:55 Gold Shaft Mining
Connection lost

Rejoining the realm…

Still unreachable

The connection could not be restored.

Session expired

The server has moved on; the page needs a fresh start.